 Dungeon Crawl Stone Soup version 0.29.1-13-g9f3cf754e1 (webtiles) character file.

Game seed: 14845696805064472093

7 Mickster the Stinger (level 1, -2/10 HPs)
             Began as a Deep Elf Venom Mage on Feb 12, 2023.
             Slain by a kobold
             ... wielding a +0 dagger
              (3 damage)
             ... on level 1 of the Dungeon.
             The game lasted 00:02:44 (666 turns).

Mickster the Stinger (Deep Elf Venom Mage)           Turns: 666, Time: 00:02:47

Health: -2/10      AC:  3    Str:  5    XL:     1   Next: 91%
Magic:  3/6        EV: 12    Int: 19    God:
Gold:   20         SH:  0    Dex: 15    Spells: 5/6 levels left

rFire   . . .      SeeInvis .   (no weapon)
rCold   . . .      Faith    .   (no shield)
rNeg    . . .      Spirit   .   a - +0 robe
rPois   .          Reflect  .   (no helmet)
rElec   .          Harm     .   (no cloak)
rCorr   .          Rampage  .   c - +0 pair of gloves
Will    .....                   (no boots)
Stlth   ++........              (no amulet)
HPRegen 0.03/turn               (no ring)
MPRegen 0.10/turn               (no ring)

@: no status effects
A: no striking features
a: no special abilities


You were on level 1 of the Dungeon.
You visited 1 branch of the dungeon, and saw 1 of its levels.

You collected 20 gold pieces.

Inventory:

Armour
 a - a +0 robe (worn)
 c - a +0 pair of gloves (worn)
Potions
 b - a potion of magic
 d - a potion of invisibility {unknown}


   Skills:
 + Level 2.6 Dodging
 + Level 2.6 Stealth
 + Level 3.2 Spellcasting
 + Level 1.1 Transmutations
 + Level 3.5 Poison Magic


You had 5 spell levels left.
You knew the following spells:

 Your Spells              Type           Power      Damage    Failure   Level
a - Sting                 Tmut/Pois      44%        1d5       6%          1

Your spell library contained the following spells:

 Spells                   Type           Power      Damage    Failure   Level
 Poisonous Vapours        Pois/Air       18%        N/A       11%         2
 Mephitic Cloud           Conj/Pois/Air  7%         N/A       28%         3
 Olgreb's Toxic Radiance  Pois           16%        N/A       34%         4


Dungeon Overview and Level Annotations

Branches:
Dungeon (1/15)

Altars:


Message History

The giant cockroach misses you. The goblin barely misses you.
The rat bites you.
* * * LOW HITPOINT WARNING * * *
A ball python comes into view.
The giant cockroach closely misses you. The giant cockroach misses you.
The giant cockroach attacks as you move away!
The giant cockroach barely misses you. The goblin barely misses you.
The rat attacks as you move away! The rat bites you but does no damage.
The kobold closely misses you.
Casting: Sting (safe; 6% risk of failure)
Confirm with . or Enter, or press ? or * to list all spells.
Aiming: Sting (safe; 6% risk of failure)
Press: ? - help, Shift-Dir - straight line, f - rat
Aim: a rat (71% to hit)
The sting misses the rat.
The sting hits the goblin.
The goblin is poisoned.
You kill the goblin!
The giant cockroach bites you but does no damage.
The kobold misses you. The rat bites you but does no damage.
Casting: Sting (safe; 6% risk of failure)
Confirm with . or Enter, or press ? or * to list all spells.
Aiming: Sting (safe; 6% risk of failure)
Press: ? - help, Shift-Dir - straight line, f/p - rat
Aim: a rat (71% to hit)
The sting hits the rat.
The rat is poisoned.
You kill the rat!
A bat comes into view.
The giant cockroach bites you but does no damage.
The kobold barely misses you. The giant cockroach bites you.
* * * LOW HITPOINT WARNING * * *
The bat moves out of view.
Casting: Sting (safe; 6% risk of failure)
Confirm with . or Enter, or press ? or * to list all spells.
Aiming: Sting (safe; 6% risk of failure)
Press: ? - help, Shift-Dir - straight line, f - kobold
Aim: a kobold, wielding a +0 dagger and quivering stones (64% to hit)
The sting misses the kobold.
The ball python hisses angrily.
The giant cockroach bites you but does no damage.
The kobold hits you with a +0 dagger.
You die...

.........#....
.......#..................
.........#.... ..........S
.......#...... ...........
.........#.... ...........
.......#....###.#.........
.........#..##..#.....S...
.......#...##..##K........
###.....##.##.#.@B).......
>..........)....#B........
#####.รท#..##.##...........
##.....#.####.........
##.#............?$..$ .
.......##.##.#........?
#.......#.#..# .#........!
# #####.#.#.### ..........
...... ....


You could see 2 giant cockroaches, a ball python and a kobold.

Vanquished Creatures
  2 ball pythons (D:1)
  An endoplasm (D:1)
  A goblin (D:1)
  A frilled lizard (D:1)
  2 rats (D:1)
7 creatures vanquished.

Notes
Turn   | Place    | Note
-------+----------+-------------------------------------------
     0 | D:1      | Mickster the Deep Elf Venom Mage began the quest for the
                  | Orb.
     0 | D:1      | Reached XP level 1. HP: 10/10 MP: 6/6
   666 | D:1      | Slain by a kobold

Illustrated notes

Levels and vault maps discovered:
D:1:      zaba_arrival_water, layout_rooms, wad_floor_pattern_2,
          minmay_misc_feat_pillars

Action                   || total
-------------------------++-------
Melee: Unarmed           ||    29
       Punch             ||     1
 Cast: Sting             ||     3
  Use: Potion            ||     2
       Scroll            ||     1
 Stab: Sleeping          ||     1
Armor: Robe              ||     9
Dodge: Dodged            ||    27
